 Dungeon Crawl Stone Soup version 0.22-a0-897-g1b7a381375 (webtiles) character file.

127 Mirvelgyr the Chopper (level 4, -3/40 HPs)
             Began as a Deep Dwarf Fighter on July 31, 2018.
             Slain by Crazy Yiuf
             ... wielding a +4 quarterstaff of chaos
              (4 damage)
             ... on level 2 of the Dungeon.
             The game lasted 00:02:03 (1587 turns).

Mirvelgyr the Chopper (Deep Dwarf Fighter)          Turns: 1587, Time: 00:02:03

Health: -3/40      AC:  7    Str: 21    XL:     4   Next: 85%
Magic:  4/4        EV:  7    Int:  8    God:
Gold:   108        SH:  9    Dex: 12    Spells: 3/3 levels left

rFire    . . .     SeeInvis .   a - +0 war axe
rCold    . . .     Gourm    +   c - +0 shield
rNeg     . . .     Faith    .   b - +0 scale mail
rPois    .         Spirit   .   (no helmet)
rElec    .         Reflect  .   h - +0 cloak
rCorr    .         Harm     .   (no gloves)
MR       .....                  (no boots)
Stlth    ..........             n - amulet of the gourmand
HPRegen  0.00/turn              (no ring)
MPRegen  0.09/turn              (no ring)

@: lethally poisoned (-3 -> -3), non-regenerating, drained
A: damage resistance, heal wounds, sense surroundings 1, no regeneration
a: Heal Wounds


You were on level 2 of the Dungeon.
You were not hungry.

You visited 1 branch of the dungeon, and saw 2 of its levels.

You collected 108 gold pieces.

Inventory:

Hand Weapons
 a - a +0 war axe (weapon)
Armour
 b - a +0 scale mail (worn)
 c - a +0 shield (worn)
 h - a +0 cloak (worn)
Jewellery
 n - an amulet of the gourmand (around neck)
Scrolls
 e - 2 scrolls of magic mapping {unknown}
 i - 2 scrolls of identify {unknown}
 j - 2 scrolls of fog {unknown}
 k - a scroll of enchant weapon {unknown}
 l - a scroll of remove curse {unknown}
Potions
 d - a potion of might
 m - a potion of degeneration {unknown}
 o - a potion of heal wounds {unknown}
Comestibles
 f - 6 rations


   Skills:
 - Level 2.6(2.5) Fighting
 + Level 5.6(5.5) Axes
 - Level 3.2(3.1) Armour
 - Level 3.2(3.1) Shields


You had 3 spell levels left.
You didn't know any spells.
Your spell library was empty.

Dungeon Overview and Level Annotations

Branches:
Dungeon (2/15)

Altars:

Annotations:
D:2 Crazy Yiuf


Innate Abilities, Weirdness & Mutations

You are resistant to damage.
You can heal yourself by infusing magical energy.
You passively map a small area around you.
You do not regenerate.


Message History

Crazy Yiuf is lightly wounded.
Crazy Yiuf barely misses you.
Crazy Yiuf says, "Key eyeball leg!"
Crazy Yiuf hits you with a quarterstaff of chaos.
* * * LOW HITPOINT WARNING * * *
You barely miss Crazy Yiuf.
Crazy Yiuf is lightly wounded.
You block Crazy Yiuf's attack.
You hit Crazy Yiuf.
Crazy Yiuf is moderately wounded.
Crazy Yiuf hits you with a quarterstaff of chaos!
* * * LOW HITPOINT WARNING * * *
Crazy Yiuf freezes you.
You closely miss Crazy Yiuf.
Crazy Yiuf is moderately wounded.
Crazy Yiuf hits you with a quarterstaff of chaos.
You slash Crazy Yiuf!
Crazy Yiuf is severely wounded.
Crazy Yiuf hits you with a quarterstaff of chaos.
You die...

.........#
##....#
...(.....#
#....#
.........#
####.#
.........#
#.#
.........#
##### ###
.........#
#)..#
.........#
#...#
.........###
#.g.#
#..........#
#@#
##########.#
#.## #.#
##.# #.#
#.## #.#
##.# #.#
##.## #.#
##)..# #.#
#....# #.#
#.)..#


You could see Crazy Yiuf.

Vanquished Creatures
  Jessica (D:2)
  Robin (D:2)
  An adder (D:2)
  2 oozes (D:1)
  4 dart slugs
  2 leopard geckos
  15 goblins
  7 hobgoblins
  6 kobolds
  A quokka (D:2)
  9 bats
  9 frilled lizards
  6 rats
64 creatures vanquished.

Notes
Turn   | Place    | Note
-------+----------+-------------------------------------------
     0 | D:1      | Mirvelgyr the Deep Dwarf Fighter began the quest for the Orb.
     0 | D:1      | Reached XP level 1. HP: 20/20 MP: 1/1
   129 | D:1      | Reached skill level 3 in Axes
   129 | D:1      | Reached XP level 2. HP: 25/27 MP: 2/2
   572 | D:1      | You fall through a shaft!
   764 | D:1      | Reached skill level 4 in Axes
   764 | D:1      | Reached XP level 3. HP: 26/33 MP: 3/3
  1117 | D:2      | Noticed Jessica
  1131 | D:2      | Killed Jessica
  1131 | D:2      | Reached skill level 5 in Axes
  1131 | D:2      | Reached XP level 4. HP: 24/40 MP: 4/4
  1232 | D:2      | Noticed Robin
  1250 | D:2      | Killed Robin
  1427 | D:2      | Found a runed door.
  1579 | D:2      | Noticed Crazy Yiuf
  1585 | D:2      | HP: 1/40 [Crazy Yiuf/quarterstaff of chaos (6)]
  1587 | D:2      | Slain by Crazy Yiuf

Vault maps used:
D:1:      lightli_arrival_statuegarden, kennysheep_another_room
D:2:      minmay_misc_feat_rugged, uniq_jessica, uniq_robin,
          uniq_crazy_yiuf_cottage

Skill      XL: |  1  2  3 |
---------------+----------+-----
Axes           | 3 4 5 |  5.6
Fighting       | |  2.6
Armour         | |  3.2
Shields        | |  3.2

Action                   |  1- 3 |  4- 6 || total
-------------------------+-------+-------++-------
Melee: War axe           |   175 |    45 ||   220
 Abil: Heal Wounds       |       |     1 ||     1
  Eat: Chunk             |     1 |    12 ||    13
Armor: Scale mail        |    84 |    34 ||   118
Dodge: Dodged            |    73 |    26 ||    99
Block: Shield            |   114 |    30 ||   144

Table legend:
 A = Spawn XP
 B = Non-spawn XP
 C = Spawn XP percentage of total XP
 D = Spawn monster count
 E = Non-spawn monster count
 F = Spawn count percentage of total count
 G = Total turns spent on level
                    A         B        C        D         E        F      G
               +---------+---------+-------+---------+---------+-------+---------
         Total |       0 |     182 |   0.0 |       0 |      64 |   0.0 |  1587
               +---------+---------+-------+---------+---------+-------+---------
           D:1 |       0 |      55 |   0.0 |       0 |      26 |   0.0 |   934
           D:2 |       0 |     127 |   0.0 |       0 |      38 |   0.0 |   653
               +---------+---------+-------+---------+---------+-------+---------
